cohdb
Replays
Latest Replays
All Replays
Popular Replays
Top Player Replays
Match Explorer
How It Works
Community
CoH3 Stats
Reddit
Sign in to upload your games and track your stats! →
Sign in with Steam
Match 39689295
Unlisted
Match 39689295
Overview
Messages
Build Orders
End
Construct Infanterie Kompanie
Selects Terror Battlegroup
Selects Machine Gun Camouflage
MG 42 Machine Gun Team
Grenadier Squad
Grenadier Squad
Grenadier Squad
Infanterie Officer Quarters
GrW 34 Mortar Team
Construct Luftwaffe Kompanie
Jäger Squad
Jäger Squad
Support Elements
Marder III M Tank Destroyer
Selects No Quarter
Jäger Squad
Wirbelwind Flakpanzer
Medical Bunker
JODLASTY
Apox
mec
Revy106
Dr.eiser
killall
0
0
Comments
sign in to comment!
No comments posted yet!